Cogmind - Beta 9.1 @@@ ROGUE MODE // 2019.10.29 @ 20:47:26 Player: BOBIT Result: Destroyed by Y-45 Defender with Heavy Assault Rifle Performance ------------- Evolutions (1) 500 Regions Visited (2) 400 Robots Destroyed (4) 20 Value Destroyed (36) 36 Prototype IDs (4) 80 Alien Tech Used (0) 0 Bonus (0) 0 TOTAL SCORE: 1036 Bonus ------- None Cogmind --------- Core Integrity 0/400 Matter 276/300 Energy 99/100 System Corruption 0% Temperature Cool (0) Location -9/Materials Parts ------- Power (1) Propulsion (4) Utility (2) Visual Processing Unit Improved Targeting Computer Weapon (2) Inventory (4) Improved Treads Shield Generator Reclamation Unit Datajack Peak State ------------ Power Light Ion Engine Propulsion Compact Wheel Compact Wheel Utility Small Storage Unit Visual Processing Unit Weapon Plasma Cutter Plasma Cutter Inventory Light Ion Engine Visual Processing Unit Visual Processing Unit Visual Processing Unit Plasma Cutter Plasma Cutter [Rating: 11] Favorites ----------- Power Light Ion Engine Engine Light Ion Engine Propulsion Compact Wheel Wheel Compact Wheel Utility Visual Processing Unit Device Sensor Array Storage Small Storage Unit Processor Visual Processing Unit Protection Power Shielding Weapon Plasma Cutter Energy Gun Medium Laser Ballistic Gun Assault Rifle Special Weapon Plasma Cutter Build | -11 -10 -9 ------- Run | Scr Mat Mat Slots Evolved 2 | . . 2 Power . | . . . Propulsion 2 | . . 2 Utility . | . . . Weapon . | . . . Parts Attached 17 | 6 7 4 Power 1 | 1 . . Engine 1 | 1 . . Core . | . . . Reactor . | . . . Propulsion 4 | 2 1 1 Treads . | . . . Leg . | . . . Wheel 4 | 2 1 1 Hover . | . . . Flight . | . . . Utility 5 | 1 3 1 Device 1 | . 1 . Storage 1 | 1 . . Processor 2 | . 1 1 Hackware . | . . . Protection 1 | . 1 . Artifact . | . . . Weapon 7 | 2 3 2 Energy Gun 1 | 1 . . Energy Cannon . | . . . Ballistic Gun 2 | 1 . 1 Ballistic Cannon . | . . . Launcher . | . . . Special Weapon 4 | . 3 1 Impact Weapon . | . . . Slashing Weapon . | . . . Piercing Weapon . | . . . Special Melee Weapon . | . . . Unidentified Prototypes . | . . . Parts Lost 7 | . 1 6 Power 1 | . . 1 Propulsion . | . . . Utility 1 | . . 1 Weapon 5 | . 1 4 Highest Loss Streak 5 | . 1 5 Average Slot Usage (%) 74 | . 98 53 Engine 9 | . 14 6 Wheel 20 | . 28 13 Device 3 | . . 6 Storage 4 | . 8 . Processor 13 | . 14 13 Protection 1 | . 4 . Ballistic Gun 1 | . . 1 Special Weapon 18 | . 26 11 Naked Turns . | . . . Heaviest Build 11 | 11 11 6 Greatest Support 32 | 32 32 32 Greatest Overweight (x) . | . . . Average Overweight (x) . | . . . Largest Inventory Capacity 6 | 6 6 4 Average Capacity 4 | 5 5 4 Most Carried 6 | 6 6 4 Average Carried 4 | 2 4 3 Final Capacity 6 | 6 4 4 Final Carried 6 | 6 4 4 Class Distribution -------------------- 100% | Mutant Dominant Class ---------------- Mutant | -10/Materials Mutant | -9/Materials Resources | -11 -10 -9 ----------- Run | Scr Mat Mat Matter Collected 300 | 172 128 . Remotely . | . . . Salvage Created 133 | . 133 . Parts 11 | . 11 . Haulers Intercepted . | . . . Recyclers Shooed . | . . . Parts Field Recycled . | . . . Retrieved Matter . | . . . Parts Self-Destructed . | . . . Prevented . | . . . Kills | -11 -10 -9 ------- Run | Scr Mat Mat Combat Hostiles Destroyed 3 | . 3 . Cannons 3 | . 3 . Classes Destroyed 2 | . 2 . Recycler 1 | . 1 . Swarmer 3 | . 3 . Best Kill Streak 4 | . 4 . Combat Bots Only 3 | . 3 . Max Kills in Single Turn 1 | . 1 . Gunslinging . | . . . Exploded . | . . . Melee . | . . . Uniques/NPCs Destroyed . | . . . Combat | -11 -10 -9 -------- Run | Scr Mat Mat Damage Taken 866 | . 131 735 Core 459 | . 50 409 Absorbed by Shields . | . . . Core Remaining (%) 90 | 100 80 . Volleys Fired 13 | . 7 6 Largest 2 | . 2 2 Hottest 40 | . 40 40 Shots Fired 21 | . 14 7 Gun 3 | . . 3 Cannon . | . . . Launcher . | . . . Special 18 | . 14 4 Kinetic 3 | . . 3 Thermal 18 | . 14 4 Explosive . | . . . Electromagnetic . | . . . Robot Hit Streak 4 | . 3 4 Robot Miss Streak 5 | . 5 3 Penetration Max . | . . . Secondary Targets . | . . . Shots Hit Robots 10 | . 6 4 Core Hits 6 | . 4 2 Critical Hits 2 | . 2 . Critical Kills 2 | . 2 . Critical Parts Destroyed . | . . . Melee Attacks . | . . . Impact . | . . . Slashing . | . . . Piercing . | . . . Sneak Attacks . | . . . Combat Hostiles . | . . . Follow-up Attacks . | . . . Damage Inflicted 137 | . 66 71 Guns 31 | . . 31 Cannons . | . . . Explosions . | . . . Melee . | . . . Ramming 9 | . . 9 Kinetic 31 | . . 31 Thermal 97 | . 66 31 Explosive . | . . . Electromagnetic . | . . . Impact . | . . . Slashing . | . . . Piercing . | . . . Highest Corruption . | . . . Average Corruption . | . . . Corruption Purged . | . . . Overload Shots . | . . . Overflow Damage . | . . . Projectiles . | . . . Explosions . | . . . Melee . | . . . Knockbacks . | . . . Impact . | . . . Kinetic . | . . . Secondary . | . . . Self-Inflicted Damage 3 | . . 3 Shots . | . . . Rammed 5 | . . 5 Targets Rammed 5 | . . 5 Kicked . | . . . Crushed . | . . . Highest Temperature . | . . . Average Temperature . | . . . Received Heat Transfer 210 | . . 210 Siege Activations . | . . . Robots Corrupted . | . . . Combat Hostiles . | . . . Parts Fried . | . . . Impact Corruptions . | . . . Robots Melted . | . . . Combat Hostiles . | . . . Parts Melted . | . . . Heat Transferred 333 | . 222 111 Parts Sabotaged . | . . . Parts Stolen . | . . . Parts Stripped . | . . . Power Chain Reactions . | . . . Missiles Intercepted . | . . . Alert | -11 -10 -9 ------- Run | Scr Mat Mat Peak Influence 75 | . 75 73 Average Influence 35 | . 51 30 Maximum Alert Level . | . . . Low Security (%) 100 | . . . Level 1 . | . . . Level 2 . | . . . Level 3 . | . . . Level 4 . | . . . Level 5 . | . . . High Security . | . . . Max Security . | . . . Squads Dispatched 2 | . . 2 Investigation . | . . . Extermination . | . . . Reinforcement 2 | . . 2 Assault . | . . . Garrison . | . . . Intercept . | . . . Construction Impeded . | . . . Haulers Reinforced . | . . . Stealth | -11 -10 -9 --------- Run | Scr Mat Mat Distress Signals 1 | . . 1 Communications Jammed . | . . . Distress Signals . | . . . Times Spotted 21 | . 5 16 Peak Tracking Total 10 | . 3 10 Tactical Retreats 4 | . 2 2 Traps | -11 -10 -9 ------- Run | Scr Mat Mat Traps Triggered 1 | . 1 . Indirectly . | . . . Trap Hack Attempts . | . . . Triggered . | . . . Disarmed . | . . . Reprogrammed . | . . . Reused . | . . . Traps Extracted . | . . . Installed . | . . . Triggered . | . . . Machines | -11 -10 -9 ---------- Run | Scr Mat Mat Machines Disabled . | . . . Max in Single Turn . | . . . Machines Sabotaged . | . . . Garrisons Compromised . | . . . Overloaded Fab Kills . | . . . Fab Network Shutdowns . | . . . Hacking | -11 -10 -9 --------- Run | Scr Mat Mat Machines Accessed 5 | . 1 4 Terminals 3 | . . 3 Fabricators . | . . . Repair Stations . | . . . Recycling Units 1 | . 1 . Scanalyzers 1 | . . 1 Garrison Access . | . . . Total Hacks 21 | . 2 19 Successful 16 | . 2 14 Failed 5 | . . 5 Catastrophic . | . . . Database Lockouts . | . . . Manual . | . . . Terminals 14 | . . 14 Fabricators . | . . . Repair Stations . | . . . Recycling Units 2 | . 2 . Scanalyzers 5 | . . 5 Garrison Access . | . . . Terminal Hacks 11 | . . 11 Prototype ID Bank 2 | . . 2 Branch Access Points 1 | . . 1 Emergency Access Points 1 | . . 1 Terminal Index 1 | . . 1 Alert Level 2 | . . 2 Transport Status 1 | . . 1 Hauler Manifests 1 | . . 1 Zone Layout 2 | . . 2 Fabricator Hacks . | . . . Repair Station Hacks . | . . . Recycling Unit Hacks 2 | . 2 . Report Inventory 1 | . 1 . Retrieve Components 1 | . 1 . Scanalyzer 3 | . . 3 Insert Component 2 | . . 2 Analyze 1 | . . 1 Garrison Access Hacks . | . . . Unauthorized Hacks . | . . . Terminals . | . . . Fabricators . | . . . Repair Stations . | . . . Recycling Units . | . . . Scanalyzers . | . . . Garrison Access . | . . . Data Cores Recovered . | . . . Used . | . . . Hacking Detections 2 | . . 2 Full Trace Events . | . . . Feedback Events . | . . . Feedback Blocked . | . . . Robot Schematics Acquired . | . . . Robots Built . | . . . Matter . | . . . Time . | . . . Total Robot Build Rating . | . . . Part Schematics Acquired 1 | . . 1 Parts Built . | . . . Matter . | . . . Time . | . . . Total Part Build Rating . | . . . Parts Repaired . | . . . Time . | . . . Parts Recycled . | . . . Recycled Matter . | . . . Retrieved Matter . | . . . Retrieved Components 3 | . 3 . Parts Scanalyzed 1 | . . 1 Part Schematics Acquired 1 | . . 1 Parts Damaged . | . . . Bothacking | -11 -10 -9 ------------ Run | Scr Mat Mat Used RIF Installer . | . . . Robots Hacked . | . . . Non-combat . | . . . Combat . | . . . Robot Hacks Applied . | . . . Relay Couplers Released . | . . . Robots Rewired . | . . . Allies Hacked . | . . . Hacks Repelled . | . . . Allies | -11 -10 -9 -------- Run | Scr Mat Mat Total Allies . | . . . Largest Group . | . . . Highest-Rated Group . | . . . Highest-Rated Ally . | . . . Total Orders . | . . . Ally Attacks . | . . . Total Damage . | . . . Kills . | . . . Allies Corrupted . | . . . Allies Melted . | . . . Intel | -11 -10 -9 ------- Run | Scr Mat Mat Robot Analysis Total . | . . . Derelict Logs Recovered . | . . . Drone Launches . | . . . Drone Recoveries . | . . . Exploration | -11 -10 -9 ------------- Run | Scr Mat Mat Turns Passed 584 | 69 246 269 Spaces Moved 511 | 55 189 267 Core 158 | 2 . 156 Treads . | . . . Legs . | . . . Wheels 353 | 53 189 111 Hover . | . . . Flight . | . . . Fastest Speed 50 | 50 100 50 Average Speed 84 | 98 100 70 Slowest Speed 100 | 100 100 100 Overloaded Moves . | . . . Propulsion Burnouts . | . . . Robots Hopped . | . . . Cave-ins Triggered . | . . . Exploration Rate (%) 20 | 4 28 30 Regions Visited 2 Branch Regions . Pre-discovered Areas . | . . . Known Exits Taken . | . . . Unknown Exits Taken 2 | 1 1 . Scrap Searched . | . . . Spaces Dug . | . . . Terrain Destroyed . | . . . Melee . | . . . Projectile . | . . . AOE . | . . . Actions | -11 -10 -9 --------- Run | Scr Mat Mat Total 627 | 67 221 339 Wait 46 | . . 46 Move 509 | 54 188 267 Hop . | . . . Pick Up 17 | 7 6 4 Fast Attach 14 | 5 6 3 Attach 3 | 1 1 1 Detach 2 | . 1 1 Swap . | . . . Drop 18 | . 12 6 Fire 13 | . 7 6 Melee . | . . . Ram 5 | . . 5 Kick . | . . . Crush . | . . . Escape Stasis . | . . . Rewire . | . . . Trap . | . . . Miscellaneous . | . . . Route ------- -11/Scrapyard -10/Materials -9/Materials (discovered 4 exits: [*Mat] / Min x2 / Sto) History --------- Turn | Location | Event 31 | -11/Scrapyard | Discovered new exit (range 15) 70 | -11/Scrapyard | Entered Materials 299 | -10/Materials | Discovered new exit (range 7) 316 | -10/Materials | Entered another Materials area 316 | -9/Materials | Evolved 2 slots: Propulsion x2 333 | -9/Materials | Build established: Mutant 509 | -9/Materials | Identified exit to Mines 509 | -9/Materials | Identified exit to Storage 516 | -9/Materials | Core integrity fell below 50% 518 | -9/Materials | Lost 5 parts (1p1u3w) 540 | -9/Materials | Discovered new exit (range 13) 575 | -9/Materials | Core integrity fell below 20% 585 | -9/Materials | Destroyed by Y-45 Defender with Heavy Assault Rifle Last Messages --------------- >>Alert(Check) Current Alert Level: Low Security >>Layout(Zone) Retrieving Zone 3X layout... Downloaded map data. >>Enumerate(Transport) Retrieving latest reported positions... Found 6 active transport squads. Downloaded coordinate data. >>Alert(Check) Current Alert Level: Low Security 00559_ O-16 Technician sends out distress signal. 00559_ O-16 Technician: "IFF HANDSHAKE FAILED. SECURING TERMINAL." 00564_ ALERT: Hostiles spotted, dispatching reinforcements to Terminal M006. 00572_ Door malfunctions. 00575_ O-16 Technician: "IFF HANDSHAKE FAILED. SECURING TERMINAL." 00578_ Hvy. Assault Rifle destroyed. 00582_ ALERT: Hostiles spotted, dispatching reinforcements to Terminal M003. Map ----- +----------------------------------------------------+ | ????????????????????????????????????????????? | | ????????????????????????????????????????????? | | ????????????????????????????????????????????? | | ????????????????????????????????????????????? | | ????????????????????????????????????????????? | | ????????????????????????????????????????????? | | ????????????????????????????????????????????? | | ????????????????????????????????????????????? | | ????????????????????????????????????????????? | | ????????????????????????????????????????????? | | ????????????????????????????????????????????? | | ????????????????????????????????????????????? | | ????????????????????????????????????????????? | | ??????????###?######????????????????????????? | | ??????????# #????????????????????????? | | ??????????# """ #????????????????????????? | | ??????????# """ #????????????????????????? | | ??????????# """ #????????????????????????? | | ??????????# #????????????????????????? | | ??????????# " " #????????????????????????? | | ??????????# "R" #????????????????????????? | | ??????????? """ #?????+??????????????????? | | ????????????? ?????? #??????????????????? | | ????????????###+###???? #??????????????????? | | ????????????# #### #??????????????????? | | ????????????#! b @ #??????????????????? | | ????????????# k #??????????????????? | | ????????????# Y! g #??????????????????? | | ????????????# ###+####??????????????????? | | ??????###???## ##?????????????????????????? | | ??????# ??# #??????????????????????????? | | ??????# " # #??????????????????????????? | | ??????# T + #??????????????????????????? | | ??????# " # #??????????????????????????? | | ??????# ??# #??????????????????????????? | | ??????# ????# #??????????????????????????? | | ??????#??????# #??????????????????????????? | | ?????????????# #??????????????????????????? | | ?????????????# #??????????????????????????? | | ?????????????# #??####????????????????????? | | ?????????????# #? ? #?????????????????? | | ?????######??# #? "T" #?????????????????? | | ????# # # #?????????????????? | | ????# # # ! #?????????????????? | | ????# """ # + #?????????????????? | | ????# """"" # # """ #?????????????????? | | ????# """"" / # """ #?????????????????? | | ????# """"" # # """ ???????? ??????? | | ????# """ # # ???????# ??????? | | ????# # ## ######???????# ??????? | +----------------------------------------------------+ Best States ------------- Heat Dissipation 28 Energy Generation 10 Energy Capacity 125 Matter Stores 300 Matter Capacity 300 Sight Range 18 Robot Scan Range 10 Terrain Scan Density 10 Power Shielding 33 Evasion (%) 50 Targeting Accuracy 6 Item Schematics ----------------- Reclamation Unit | -9/Materials | Scanalyzed Robot Schematics ------------------ None Fabricated ------------ Nothing Alien Tech Used ----------------- None Achievements -------------- None Challenges ------------ None Game ------ Seed AlloyPrecisionThrusters Manual? 0 Play Time 00:11:57 Cumulative 27.3 hours Start 2019.10.29 @ 20:36:42 End 2019.10.29 @ 20:47:26 Sessions 1 Manual Loads 0 Difficulty Rogue Special Mode None Game No. 61 Rogue 61 Adventurer 0 Explorer 0 Win Type - Total 0 Types 0/0/0/0/0/0/0 Lore% 18 Gallery% 37 Achievement% 26 Wizard Run 0 Options --------- ASCII 1 Keyboard 1 Movement Numpad Keybinds 0 Fullscreen 2 Font 18/TerminusBold Map View 76x50 Tactical HUD 1 Map Filters NONE Filters NONE Steam 1 RUN: 89af5670-45dc-4fbc-b792-8a067c7f0058